 Dungeon Crawl Stone Soup version 0.31-a0-1-g4198be8af4 (webtiles) character file.

Game seed: 14308449149385668108

22486 erniekerbler the Thaumaturge (level 12, -2/59 HPs)
             Began as a Deep Elf Conjurer on May 1, 2023.
             Was an Elder of Vehumet.
             Slain by a black mamba (14 damage)
             ... on level 2 of the Lair of Beasts.
             The game lasted 00:59:01 (17686 turns).

erniekerbler the Thaumaturge (Deep Elf Conjurer)   Turns: 17686, Time: 00:59:02

Health: -2/59      AC:  6    Str:  4    XL:     12   Next: 63%
Magic:  21/32      EV: 20    Int: 29    God:    Vehumet [****..]
Gold:   901        SH:  0    Dex: 13    Spells: 8/39 levels left

rFire   . . .        (no weapon)
rCold   . . .        (no shield)
rNeg    . . .        v - +0 leather armour {rPois}
rPois   +            (no helmet)
rElec   .            (no cloak)
rCorr   .            J - +1 pair of gloves
SInv    .            L - +0 pair of boots
Will    +....        B - amulet of regeneration
Stlth   ++++         g - +5 ring of evasion
HPRegen 1.09/turn    C - ring of poison resistance
MPRegen 0.23/turn

%: no passive effects
@: no status effects
A: no striking features
a: Renounce Religion


You were on level 2 of the Lair of Beasts.
You worshipped Vehumet.
Vehumet was greatly pleased with you.
You visited 3 branches of the dungeon, and saw 14 of its levels.

You collected 901 gold pieces.

Inventory:

Hand Weapons
 t - a +0 war axe
Missiles
 K - 2 throwing nets
Armour
 a - a +0 robe
 k - a +2 animal skin
 m - a +0 troll leather armour
 q - a +2 robe of willpower
 v - a +0 leather armour of poison resistance (worn)
 w - a +0 robe of positive energy
 D - +0 acid dragon scales
 J - a +1 pair of gloves (worn)
 L - a +0 pair of boots (worn)
 N - a +1 robe of cold resistance
Jewellery
 g - a +5 ring of evasion (left hand)
 l - a ring of wizardry
 y - a +6 ring of intelligence
 z - a ring of positive energy
 B - an amulet of regeneration (around neck)
 C - a ring of poison resistance (right hand)
 E - a ring of willpower
 M - a ring of ice
 Q - a ring of positive energy
Wands
 A - a wand of light (3)
 F - a wand of iceblast (21)
 O - a wand of flame (11)
 S - a wand of digging (2)
Scrolls
 c - 5 scrolls of teleportation
 h - 3 scrolls of enchant weapon
 o - a scroll of brand weapon {unknown}
 H - 5 scrolls of blinking
 P - 2 scrolls of poison
Potions
 b - 2 potions of magic
 d - a potion of flight
 e - 14 potions of degeneration
 f - 3 potions of brilliance
 j - a potion of curing
 n - 2 potions of haste
 p - 3 potions of invisibility
 r - a potion of mutation {unknown}
 s - 3 potions of cancellation
 u - a potion of ambrosia {unknown}
 x - 5 potions of lignification
 G - 2 potions of berserk rage
 I - 2 potions of attraction {unknown}
 R - a potion of might {unknown}
 T - a potion of resistance {unknown}
Miscellaneous
 i - a tin of tremorstones (2/2)


   Skills:
 + Level 2.5 Armour
 + Level 10.5 Dodging
 + Level 11.3 Stealth
 * Level 14.3 Spellcasting
 * Level 12.0 Conjurations
 - Level 10.1 Hexes
 + Level 0.8 Necromancy
 - Level 5.0 Ice Magic


You had 8 spell levels left.
You knew the following spells:

 Your Spells              Type           Power      Damage    Failure   Level
a - Magic Dart            Conj           100%       1d8       1%          1
b - Searing Ray           Conj           100%       2d8       1%          2
c - Fulminant Prism       Conj/Hex       35%        3d17      1%          4
d - Dazzling Flash        Conj/Hex       100%       N/A       1%          3
e - Iskenderun's Mystic   Conj/Tloc      54%        2d12      1%          4
f - Freeze                Ice            100%       1d10      1%          1
g - Call Imp              Summ           40%        N/A       6%          2
h - Mephitic Cloud        Conj/Pois/Air  44%        N/A       1%          3
i - Hailstorm             Conj/Ice       63%        3d13      1%          3
j - Inner Flame           Hex/Fire       50%        N/A       1%          3
k - Agony                 Necr           25%        N/A       63%         5

Your spell library contained the following spells:

 Spells                   Type           Power      Damage    Failure   Level
 Portal Projectile        Hex/Tloc       100%       N/A       1%          3
 Apportation              Tloc           40%        N/A       4%          1
 Leda's Liquefaction      Hex/Erth       25%        N/A       5%          4
 Call Canine Familiar     Summ           20%        N/A       13%         3
 Silence                  Hex/Air        25%        N/A       14%         5
 Alistair's Intoxication  Tmut/Pois      13%        N/A       75%         5


Dungeon Overview and Level Annotations

Branches:
Dungeon (11/15)            Temple (1/1) D:5            Lair (2/5) D:11
 Spider (0/4) Lair:2          Orc (0/2) D:11
  Swamp: Lair:2-3    Shoals: Lair:2-3

Altars:
Ashenzari
Cheibriados
Elyvilon
Fedhas
Hepliaklqana
Kikubaaqudgha
Makhleb
Nemelex Xobeh
Okawaru
Qazlal
Ru
Sif Muna
Trog
Uskayaw
Vehumet
Wu Jian
Xom
Yredelemnul
Zin
The Shining One

Shops:
D:5 *   D:7 *   D:8 [:   D:10 *


Message History

The plant is lightly damaged.
You hear a bellow! x3
Casting: Fulminant Prism (safe; 1% risk of failure)
Confirm with . or Enter, or press ? or * to list all spells.
Aiming: Fulminant Prism (safe; 1% risk of failure)
Press: ? - help, Dir - move target You conjure a prism of explosive energy!
A fulminant prism comes into view.
The plant is engulfed in calcifying dust.
The searing ray hits the catoblepas!
The catoblepas is almost dead.
The searing ray hits the plant.
The plant is lightly damaged. (Press . to maintain the ray.)
The plant is engulfed in calcifying dust.
A nearby plant withers and dies.
The catoblepas gores you!!
Your fulminant prism crackles loudly.
The searing ray hits the catoblepas!
You kill the catoblepas!
Vehumet accepts your kill.
You feel your power returning.
Your fulminant prism explodes!
The blast of energy engulfs you!!
* * * LOW HITPOINT WARNING * * *
You hear an angry hiss.
You hear a bellow!
A black mamba comes into view.
A black mamba is nearby!
A black mamba is nearby!
You are too injured to fight recklessly!
You are too injured to fight recklessly!
Casting: Searing Ray (safe; 1% risk of failure)
Confirm with . or Enter, or press ? or * to list all spells.
Aiming: Searing Ray (safe; 1% risk of failure)
Press: ? - help, Shift-Dir - straight line, f - black mamba
Aim: a black mamba (72% to hit)
The searing ray hits the black mamba.
The black mamba is lightly wounded. (Press . to maintain the ray.)
The black mamba bites you!
You die...

#P....#.......##
#####.......###
###....#.# ##...### #
##.#.# ##.# #.#####....#
#..#.#......
##.....#.>... ##
#...S@.......
#.###..###.......
##.#..†# #.##...
########......### ## .
#P.##........S#.###
................#.###
..................#.## ##
....................P#...
.......................P#


You could see a black mamba.

Vanquished Creatures
  A catoblepas (Lair:2)
  5 two-headed ogres
  Pikel (D:8)
  An orc sorcerer (D:9)
  A cyclops (D:11)
  A black mamba (Lair:1)
  A torpor snail (Lair:1)
  4 kobold demonologists
  Maggie (D:8)
  A cane toad (Lair:1)
  3 unseen horrors
  A komodo dragon (Lair:1)
  5 trolls (D:9)
  3 blink frogs
  Prince Ribbit (D:6)
  A tarantella (Lair:2)
  Sigmund (D:4)
  19 yaks
  Grum (D:8)
  2 wyverns
  2 basilisks (Lair:1)
  2 steam dragons (D:10)
  Menkaure (D:6)
  2 vampire mosquitoes (D:10)
  14 wargs
  An acid dragon (D:7)
  4 water moccasins
  A hell hound (D:9)
  8 orc warriors
  3 black bears
  A swamp drake (D:11)
  An ice beast (D:7)
  19 wolves
  3 lemures
  A phantom (D:4)
  6 kobold brigands
  6 bullfrogs
  6 gnoll sergeants (D:9)
  5 scorpions
  7 wights
  An electric eel (Lair:1)
  4 howler monkeys
  A jelly (D:5)
  13 orc priests
  4 gnoll boudas
  4 hounds
  A sleepcap (D:6)
  Jessica (D:2)
  An iguana (D:5)
  Natasha (twice) (D:2)
  8 orc wizards
  7 gnolls
  7 adders
  2 white imps
  2 worms
  A dart slug (D:4)
  40 orcs
  5 endoplasms
  7 goblins
  2 hobgoblins (D:1)
  2 jackals (D:4)
  2 quokkas
  9 ball pythons
  2 bats
  3 frilled lizards
  16 kobolds
  6 rats
300 creatures vanquished.

Vanquished Creatures (others)
  181 fulminant prisms
  9 fungi
  29 plants
219 creatures vanquished.

Grand Total: 519 creatures vanquished

Notes
Turn   | Place    | Note
-------+----------+-------------------------------------------
     0 | D:1      | erniekerbler the Deep Elf Conjurer began the quest for the
                  | Orb.
     0 | D:1      | Reached XP level 1. HP: 10/10 MP: 6/6
   558 | D:1      | Reached XP level 2. HP: 15/15 MP: 5/8
  1199 | D:2      | Noticed Natasha
  1206 | D:2      | Killed Natasha
  1207 | D:2      | Reached XP level 3. HP: 3/19 MP: 1/10
  1719 | D:2      | Noticed Natasha
  1722 | D:2      | Killed Natasha
  1723 | D:2      | Reached skill level 4 in Spellcasting
  1723 | D:2      | Reached XP level 4. HP: 24/24 MP: 8/12
  1908 | D:2      | Noticed Jessica
  1910 | D:2      | Killed Jessica
  1911 | D:2      | Reached skill level 5 in Conjurations
  2307 | D:3      | Found an ancient bone altar of Kikubaaqudgha.
  2405 | D:3      | Found a hazy altar of Hepliaklqana.
  2647 | D:3      | Learned a level 2 spell: Searing Ray
  2652 | D:3      | Learned a level 4 spell: Fulminant Prism
  2656 | D:3      | Learned a level 3 spell: Dazzling Flash
  2657 | D:4      | Noticed a scorpion
  2661 | D:4      | Killed a scorpion
  2662 | D:4      | Reached XP level 5. HP: 28/28 MP: 8/13
  2937 | D:4      | Noticed Sigmund
  2944 | D:4      | Killed Sigmund
  2945 | D:4      | Reached skill level 5 in Spellcasting
  2945 | D:4      | Reached XP level 6. HP: 22/32 MP: 2/15
  3077 | D:4      | Reached skill level 5 in Stealth
  3457 | D:4      | Reached skill level 5 in Dodging
  3457 | D:4      | Reached XP level 7. HP: 36/36 MP: 6/17
  3892 | D:5      | Entered Level 5 of the Dungeon
  4004 | D:5      | Found Hyvuithra's Assorted Antiques.
  4042 | D:5      | Reached skill level 6 in Spellcasting
  4578 | D:5      | Identified the +4 sling of Equilibrium {flame, rPois rF+
                  | Will+ Stlth+}
  4726 | D:5      | Found a staircase to the Ecumenical Temple.
  4861 | Temple   | Entered the Ecumenical Temple
  4991 | Temple   | Became a worshipper of Vehumet
  5435 | D:6      | Reached XP level 8. HP: 38/41 MP: 12/20
  5739 | D:6      | Noticed Prince Ribbit
  5762 | D:6      | Killed Prince Ribbit
  5763 | D:6      | Reached skill level 7 in Spellcasting
  6014 | D:6      | Noticed Menkaure
  6025 | D:6      | Killed Menkaure
  6699 | D:7      | Reached skill level 8 in Spellcasting
  6699 | D:7      | Reached skill level 1 in Hexes
  7032 | D:7      | Reached XP level 9. HP: 38/45 MP: 5/23
  7144 | D:7      | Found Areczerch's Gadget Gallery.
  7158 | D:7      | Noticed a two-headed ogre
  7184 | D:7      | Killed a two-headed ogre
  7707 | D:8      | Noticed Pikel
  7817 | D:8      | Noticed Grum
  7830 | D:8      | Killed Grum
  7831 | D:8      | Reached skill level 9 in Spellcasting
  8342 | D:8      | Reached skill level 5 in Hexes
  8413 | D:8      | Learned a level 4 spell: Iskenderun's Mystic Blast
  8422 | D:8      | Found a stormy altar of Qazlal.
  8425 | D:8      | Found a shimmering blue altar of Sif Muna.
  8494 | D:8      | Noticed a two-headed ogre
  8508 | D:8      | Killed a two-headed ogre
  8509 | D:8      | Reached XP level 10. HP: 47/50 MP: 12/25
  8644 | D:8      | Found Zofros's Book Emporium.
  8701 | D:8      | Reached * piety under Vehumet
  8701 | D:8      | Offered knowledge of Kiss of Death by Vehumet.
  8710 | D:8      | Killed Pikel
  8711 | D:8      | Reached skill level 10 in Spellcasting
  8919 | D:8      | Noticed Maggie
  8944 | D:8      | Killed Maggie
  9254 | D:8      | Found Tayttify's Armour Emporium.
  9416 | D:9      | Noticed a two-headed ogre
  9447 | D:9      | Killed a two-headed ogre
 10119 | D:9      | Reached skill level 11 in Spellcasting
 10119 | D:9      | Reached skill level 10 in Conjurations
 10694 | D:9      | Noticed an orc sorcerer
 10980 | D:9      | Noticed a two-headed ogre
 10989 | D:9      | Killed a two-headed ogre
 10990 | D:9      | Reached XP level 11. HP: 54/54 MP: 18/28
 10992 | D:9      | Noticed a two-headed ogre
 10998 | D:9      | Killed a two-headed ogre
 11003 | D:9      | Killed an orc sorcerer
 11023 | D:9      | Offered knowledge of Freeze by Vehumet.
 11139 | D:9      | Reached ** piety under Vehumet
 11232 | D:9      | Reached skill level 12 in Spellcasting
 11320 | D:9      | Reached skill level 10 in Stealth
 11614 | D:9      | Noticed a sixfirhy
 12415 | D:9      | Reached skill level 10 in Hexes
 13100 | D:10     | Entered Level 10 of the Dungeon
 13265 | D:10     | Found a glowing silver altar of Zin.
 13266 | D:10     | Found Zin's Purification Station.
 13271 | D:10     | Learned a level 1 spell: Freeze
 13274 | D:10     | Learned a level 2 spell: Call Imp
 13278 | D:10     | Learned a level 3 spell: Mephitic Cloud
 13542 | D:10     | Offered knowledge of Hailstorm by Vehumet.
 13547 | D:10     | Learned a level 3 spell: Hailstorm
 13931 | D:10     | Reached skill level 1 in Ice Magic
 14022 | D:10     | Reached skill level 13 in Spellcasting
 14128 | D:10     | Found a white marble altar of Elyvilon.
 14496 | D:11     | Found a staircase to the Lair.
 14514 | D:11     | Reached *** piety under Vehumet
 14695 | D:11     | Reached skill level 1 in Armour
 14990 | D:11     | Noticed a sixfirhy
 14993 | D:11     | Reached XP level 12. HP: 39/59 MP: 18/31
 15445 | D:11     | Reached skill level 10 in Dodging
 15455 | D:11     | Found a staircase to the Orcish Mines.
 15795 | Lair:1   | Entered Level 1 of the Lair of Beasts
 15810 | Lair:1   | Offered knowledge of Inner Flame by Vehumet.
 16588 | Lair:1   | Reached **** piety under Vehumet
 16659 | Lair:1   | Reached skill level 14 in Spellcasting
 17230 | Lair:1   | Learned a level 3 spell: Inner Flame
 17340 | Lair:2   | Noticed a death yak
 17340 | Lair:2   | Noticed a death yak
 17340 | Lair:2   | Noticed a death yak
 17437 | Lair:1   | Reached skill level 5 in Ice Magic
 17558 | Lair:2   | Learned a level 5 spell: Agony
 17641 | Lair:2   | Found a hole to the Spider Nest.
 17659 | Lair:2   | Noticed a catoblepas
 17682 | Lair:2   | Killed a catoblepas
 17686 | Lair:2   | Slain by a black mamba

Illustrated notes

Levels and vault maps discovered:
D:1:      evilmike_arrival_rings, layout_loops_corners, serial_bayou_lake_a
D:2:      layout_loops_ring, uniq_natasha, uniq_jessica
D:3:      layout_rooms, nicolae_overflow_crystal_walls,
          overflow_temple_1_default
D:4:      layout_basic, uniq_sigmund
D:5:      layout_loops_ring, minmay_temple_entry_enclosed_plants, serial_shops,
          nicolae_shop_statue_plus
D:6:      layout_basic, grunt_ministairs_13, uniq_menkaure, uniq_prince_ribbit1
D:7:      layout_basic, dk_noncrumbling_3, nicolae_shop_gadgets
D:8:      layout_basic, mainiacjoe_overflow_24_doors,
          lemuel_coloured_pillars_altar,
          chequers_temple_overflow_statue_of_worship, serial_shops, shop,
          shop_fountains, uniq_maggie, uniq_pikel, uniq_grum
D:9:      lemuel_castle_with_subvaults [lemuel_castle_interior_carwin_2],
          layout_irregular_city
D:10:     layout_loops_corners, marbit_many_paths, zin_purify,
          kennysheep_generic_room_10
D:11:     layout_rooms, grunt_lair_entry_orc_guard_hut, erik_orc_1
Temple:   nicolae_temple_superstar
Lair:1:   layout_hall_layers, chequers_serial_rivers_small_3, minivault_26,
          serial_bayou_shore_a, grunt_megastairs_1
Lair:2:   layout_cave_pods, minmay_shoals_entry_hut, spider_nest_entry_rubble,
          grunt_megastairs_4

Skill      XL: |  1  2  3  4  5  6  7  8  9 10 11 12 |
---------------+-------------------------------------+-----
Dodging        | 3 4 5 6 7 8 9 10 | 10.5
Stealth        | 3 4 5 6 7 8 9 10 11 | 11.3
Spellcasting   | 4 5 6 8 9 11 13 14 | 14.3
Conjurations   | 5 6 7 9 10 11 12 | 12.0
Hexes          | 2 5 8 10 | 10.1
Ice Magic      | 2 5 |  5.0
Armour         | 1 2 |  2.5
Necromancy     | |  0.8

Action                     |  1- 3 |  4- 6 |  7- 9 | 10-12 || total
---------------------------+-------+-------+-------+-------++-------
  Melee: Unarmed           |       |       |     1 |     3 ||     4
   Cast: Magic Dart        |    47 |    73 |   145 |    30 ||   295
         Searing Ray       |       |     2 |    39 |   126 ||   167
         Dazzling Flash    |       |     1 |     2 |     2 ||     5
         Fulminant Prism   |       |       |    18 |   163 ||   181
         Mephitic Cloud    |       |       |       |     1 ||     1
    Use: Scroll            |       |       |       |    27 ||    27
         Potion            |       |       |       |    14 ||    14
 Armour: Robe              |       |       |    13 |    36 ||    49
         Skin              |       |       |       |     2 ||     2
         Leather armour    |       |       |       |    19 ||    19
  Dodge: Dodged            |     2 |     5 |   114 |   283 ||   404

Table legend: (Time is in decaauts)
 A = Elapsed time spent in this place.
 B = Non-inter-level travel time spent in this place.
 C = Inter-level travel time spent in this place.
 D = Time resting spent in this place.
 E = Time spent auto-exploring this place.
 F = Levels seen in this place.
 G = Mean time per level.
                   A        B        C        D        E       F      G
               +--------+--------+--------+--------+--------+-----+--------+
         Total |  17758 |  16804 |    954 |   4879 |   8949 |  14 | 1268.4 |
       Dungeon |  15841 |  14963 |    878 |   4472 |   8119 |  11 | 1440.1 |
        Temple |    137 |    115 |     22 |      0 |    100 |   1 |  137.0 |
          Lair |   1779 |   1725 |     54 |    407 |    730 |   2 |  889.5 |
               +--------+--------+--------+--------+--------+-----+--------+

Top non-repeatable levels by time:
     D:9: 3210 daAuts
     D:7: 1707 daAuts
     D:8: 1646 daAuts
  Lair:1: 1613 daAuts
    D:11: 1466 daAuts
    D:10: 1371 daAuts
     D:5: 1265 daAuts
     D:6: 1237 daAuts
     D:4: 1234 daAuts
     D:1: 1182 daAuts
     D:2: 1068 daAuts
     D:3: 450 daAuts
  Lair:2: 165 daAuts
  Temple: 137 daAuts
